 Dungeon Crawl Stone Soup version 0.31-a0-799-g6bc09d010c (webtiles) character file.

Game seed: 14517559666519704082

172 Maratek the Slasher (level 5, 0/37 HPs)
             Began as an Octopode Fighter on Sept 19, 2023.
             Slain by an adder (3 damage)
             ... on level 3 of the Dungeon.
             The game lasted 00:02:27 (2273 turns).

Maratek the Slasher (Octopode Fighter)              Turns: 2273, Time: 00:02:27

Health: 0/37       AC:  1    Str: 18    XL:     5   Next: 52%
Magic:  5/5        EV: 13    Int: 10    God:
Gold:   101        SH:  4    Dex: 11    Spells: 4/4 levels left

rFire   . . .        a - +0 long sword
rCold   . . .        b - +0 buckler
rNeg    . . .        f - +0 hat
rPois   .            (no amulet)
rElec   .            (no ring)
rCorr   .            (no ring)
SInv    .            (no ring)
Will    .....        (no ring)
Stlth   +++          (no ring)
HPRegen 0.26/turn    (no ring)
MPRegen 0.09/turn    (no ring)
                     (no ring)

%: no passive effects
@: no status effects
A: almost no armour, amphibious, 8 rings, camouflage 1, gelatinous body 1,
(nimble swimmer 1), tentacles
a: no special abilities


You were on level 3 of the Dungeon.
You visited 1 branch of the dungeon, and saw 3 of its levels.

You collected 101 gold pieces.

Inventory:

Hand Weapons
 a - a +0 long sword (weapon)
Armour
 b - a +0 buckler (worn)
 f - a +0 hat (worn)
Scrolls
 d - a scroll of fog {unknown}
 e - a scroll of poison {unknown}
 g - a scroll of vulnerability {unknown}
 i - a scroll of identify {unknown}
 k - 2 scrolls of enchant weapon {unknown}
Potions
 c - 2 potions of might
 h - a potion of haste {unknown}
 j - a potion of mutation {unknown}


   Skills:
 + Level 3.7 Fighting
 + Level 3.8 Long Blades
 + Level 3.4 Dodging
 + Level 2.8 Stealth
 + Level 3.4 Shields


You had 4 spell levels left.
You didn't know any spells.
Your spell library contained the following spells:

 Spells                   Type           Power      Damage    Failure   Level
 Cigotuvi's Dreadful Rot  Necr/Pois/Air  0%         N/A       58%         2
 Ignite Poison            Fire/Tmut/Pois 0%         N/A       82%         3
 Freezing Cloud           Conj/Ice/Air   0%         6-21      100%        5


Dungeon Overview and Level Annotations

Branches:
Dungeon (3/15)

Altars:

Annotations:
D:3 3 runed translucent doors, Gonzollydolly's ghost, amateur TrCK; heinrich's ghost, amateur TrFi


Innate Abilities, Weirdness & Mutations

You cannot wear most types of armour.
You are amphibious.
You can wear up to eight rings at the same time.
Your skin changes colour to match your surroundings (Stealth+).
Your rubbery body absorbs attacks. (AC +1, EV +1)
((You are camouflaged when in or above water. (Stealth+)))
You have tentacles for arms and can constrict up to eight enemies at once.


Message History

The adder hisses angrily.
The orc shouts!
You hit the orc priest. Your grab misses the orc priest.
The orc priest is moderately wounded.
You block the orc priest's attack.
You barely miss the orc priest. You grab the orc priest.
You squeeze the orc priest.
The orc priest is moderately wounded.
You constrict the orc priest, but do no damage.
The orc priest invokes the aid of Beogh against you.
Beogh smites you! The orc priest barely misses you.
You hit the orc priest but do no damage.
The orc priest is moderately wounded.
You constrict the orc priest, but do no damage.
You block the adder's attack.
The orc priest calls down the wrath of Beogh upon you.
Beogh smites you!
* * * LOW HITPOINT WARNING * * *
You block the goblin's attack. The adder bites you.
* * * LOW HITPOINT WARNING * * *
You hit the orc priest but do no damage.
You squeeze the orc priest!
The orc priest is almost dead.
You constrict the orc priest, but do no damage.
The adder closely misses you. You block the orc priest's attack.
The goblin closely misses you.
You hit the orc priest.
You kill the orc priest!
The adder closely misses you. The goblin barely misses you.
The adder closely misses you.
You barely miss the orc. Your grab misses the orc. The orc barely misses you.
The goblin hits you with a +0 dagger.
* * * LOW HITPOINT WARNING * * *
You block the adder's attack. The orc closely misses you.
The goblin hits you with a +0 dagger.
* * * LOW HITPOINT WARNING * * *
The adder closely misses you.
You barely miss the orc. Your grab misses the orc. You squeeze the orc.
The orc is lightly wounded.
The adder bites you.
You die...

......# #..######
#.#.#.....# ##.##....
#...!.....# #.##.###
#.........## #.......
#..........# #..#.###
#..#.#.#.#.# #..#....
#.....o.)..#####....#..
#.#.#g#.#.......##.#.#
#...o@...............#
#.#.#S#.#.............
#.....................
#..#.#.#.#.............
#................######
#....##..........# #
##... #..........# #...
#..........


You could see an adder, 2 orcs and a goblin.

Vanquished Creatures
  An orc priest (D:3)
  7 adders
  3 worms
  2 orcs (D:3)
  5 bats
  9 endoplasms
  2 giant cockroaches (D:1)
  6 goblins
  6 hobgoblins
  7 kobolds
  3 quokkas (D:3)
  5 ball pythons
  6 frilled lizards
  7 rats
69 creatures vanquished.

Notes
Turn   | Place    | Note
-------+----------+-------------------------------------------
     0 | D:1      | Maratek the Octopode Fighter began the quest for the Orb.
     0 | D:1      | Reached XP level 1. HP: 16/16 MP: 1/1
   135 | D:1      | Reached XP level 2. HP: 21/21 MP: 2/2
   143 | D:1      | Found a faded altar of an unknown god.
   706 | D:2      | Reached XP level 3. HP: 26/26 MP: 3/3
   791 | D:2      | Reached skill level 1 in Stealth
  1189 | D:2      | Reached XP level 4. HP: 28/31 MP: 4/4
  1711 | D:3      | Reached XP level 5. HP: 26/36 MP: 5/5
  2158 | D:3      | Found a runed translucent gate.
  2158 | D:3      | Found a runed translucent gate.
  2184 | D:3      | Found a runed translucent gate.
  2186 | D:3      | Noticed heinrich's ghost (amateur TrFi)
  2186 | D:3      | Noticed Gonzollydolly's ghost (amateur TrCK)
  2273 | D:3      | Slain by an adder

Illustrated notes

Levels and vault maps discovered:
D:1:      amcnicky_arrival_underground_garden, layout_loops_ring,
          shapermc_ecumenical_altar_totnotflames, minmay_pentomino_u2
D:2:      layout_loops_cross, st_stairs_1
D:3:      minmay_chambers_of_threes, layout_basic, gammafunk_ghost_cemetery,
          serial_glass, glass_columns_b, glass_columns_a, glass_columns_a,
          glass_columns_a, glass_columns_b, glass_columns_a, glass_columns_c,
          glass_columns_a, glass_columns_a, glass_columns_a

Skill      XL: |  1  2  3  4 |
---------------+-------------+-----
Stealth        | 1 2 |  2.8
Long Blades    | 3 |  3.8
Fighting       | |  3.7
Dodging        | |  3.4
Shields        | |  3.4

Action                     |  1- 3 |  4- 6 || total
---------------------------+-------+-------++-------
  Melee: Long sword        |    63 |    70 ||   133
         Constrict         |    14 |    18 ||    32
         Tentacles         |    13 |    10 ||    23
   Stab: Sleeping          |     7 |     5 ||    12
 Armour: Skin              |    15 |    23 ||    38
  Dodge: Dodged            |    37 |    39 ||    76
  Block: Buckler           |    14 |    20 ||    34

Table legend: (Time is in decaauts)
 A = Elapsed time spent in this place.
 B = Non-inter-level travel time spent in this place.
 C = Inter-level travel time spent in this place.
 D = Time resting spent in this place.
 E = Time spent auto-exploring this place.
 F = Levels seen in this place.
 G = Mean time per level.
                   A        B        C        D        E       F      G
               +--------+--------+--------+--------+--------+-----+--------+
         Total |   2309 |   2248 |     61 |    426 |   1426 |   3 |  769.7 |
       Dungeon |   2309 |   2248 |     61 |    426 |   1426 |   3 |  769.7 |
               +--------+--------+--------+--------+--------+-----+--------+

Top non-repeatable levels by time:
     D:2: 885 daAuts
     D:3: 717 daAuts
     D:1: 706 daAuts
